 Dungeon Crawl Stone Soup version 0.31-a0-431-g88bdf31460 (webtiles) character file.

Game seed: 10782211141930193928

37 drugrobin the Sneak (level 3, 0/30 HPs)
             Began as a Demigod Delver on July 31, 2023.
             Slain by a black bear (2 damage)
             ... on level 4 of the Dungeon.
             The game lasted 00:03:39 (590 turns).

drugrobin the Sneak (Demigod Delver)                 Turns: 590, Time: 00:03:39

Health: 0/30       AC:  1    Str: 17    XL:     3   Next: 7%
Magic:  5/5        EV: 12    Int: 12    God:
Gold:   62         SH:  0    Dex: 23    Spells: 2/2 levels left

rFire   . . .        b - +3 sling of the Key {heavy, Dex+8}
rCold   . . .        (no shield)
rNeg    . . .        l - +0 leather armour
rPois   .            (no helmet)
rElec   .            (no cloak)
rCorr   .            (no gloves)
SInv    .            (no boots)
Will    .....        (no amulet)
Stlth   +++          (no ring)
HPRegen 0.00/turn    (no ring)
MPRegen 0.09/turn

%: clarity
@: inhibited regen
A: high MP 1, forlorn, divine attributes, clarity, deformed body, inhibited
regeneration
a: no special abilities


You were on level 4 of the Dungeon.
You visited 1 branch of the dungeon, and saw 4 of its levels.

You collected 62 gold pieces.

Inventory:

Hand Weapons
 a - a +0 hand axe
 b - the +3 sling of the Key (weapon) {heavy, Dex+8}
   (You found it on level 3 of the Dungeon)

   Dex:       It affects your dexterity (+8).
Missiles
 d - 2 poisoned darts
Armour
 l - a +0 leather armour (worn)
Magical Staves
 h - a staff of death
Wands
 g - a wand of digging (2)
Scrolls
 c - a scroll of fog
 e - a scroll of fear
 m - a scroll of enchant weapon {unknown}
Potions
 f - a potion of haste
 j - a potion of curing {unknown}
 k - a potion of attraction {unknown}


   Skills:
 - Level 2.6 Fighting
 + Level 3.3 Axes
 - Level 1.7 Dodging
 - Level 4.5 Stealth


You had 2 spell levels left.
You didn't know any spells.
Your spell library was empty.

Dungeon Overview and Level Annotations

Branches:
Dungeon (5/15)
 Temple: D:4-7

Annotations:
D:4 exclusion: adder
D:5 exclusion: hound


Innate Abilities, Weirdness & Mutations

You have an increased reservoir of magic. (+10% MP)
You shall have no god before yourself.
Your divine heritage dramatically boosts your attributes as you level up.
You possess an exceptional clarity of mind.
Armour fits poorly on your strangely shaped body.
You do not regenerate when monsters are visible.


Message History

Press: ? - help, Q - select action, (/) - cycle Shift-Dir - straight line, f/p - black bear
Aim: a black bear (72% to hit)
You shoot a sling bullet. The sling bullet hits the black bear!
The black bear is heavily wounded.
You hear the brisk rusting of a very distant drain.
Fire: b) +3 sling of the Key {heavy, Dex+8}
Press: ? - help, Q - select action, (/) - cycle Shift-Dir - straight line, f/p - black bear
Aim: a black bear (heavily wounded, 72% to hit)
You shoot a sling bullet.
The sling bullet barely misses the black bear.
The black bear bites you. The black bear barely misses you.
The black bear claws you.
An orc comes into view. It is wielding a +0 club.
The black bear misses you. The black bear barely misses you.
The black bear claws you.
Unknown command.
Fire: b) +3 sling of the Key {heavy, Dex+8}
Press: ? - help, Q - select action, (/) - cycle Shift-Dir - straight line, f/p - black bear
Aim: a black bear (heavily wounded, 72% to hit)
You shoot a sling bullet.
The sling bullet barely misses the black bear.
The black bear barely misses you. The black bear claws you.
The black bear barely misses you. The black bear bites you!
* * * LOW HITPOINT WARNING * * *
The black bear claws you.
* * * LOW HITPOINT WARNING * * *
The black bear barely misses you.
Unknown command.
Unknown command.
Fire: b) +3 sling of the Key {heavy, Dex+8}
Press: ? - help, Q - select action, (/) - cycle Shift-Dir - straight line, f/p - black bear
Aim: a black bear (heavily wounded, 72% to hit)
You shoot a sling bullet.
The sling bullet barely misses the black bear.
The sling bullet hits the orc.
The orc is almost dead.
The black bear bites you.
* * * LOW HITPOINT WARNING * * *
The black bear claws you.
You die...

#.### #...#
###.# #.#
##### ###.#
#...# #...#
#.#.###.###
#.......#
#.#@#####
#h# ..#
.#.. ..#..
## #o.#
#... ....


You could see a black bear and an orc.

Vanquished Creatures
  3 adders
  A bat (D:2)
  An endoplasm (D:3)
  A giant cockroach (D:3)
  A goblin (D:3)
  2 hobgoblins (D:4)
  A quokka (D:4)
10 creatures vanquished.

Notes
Turn   | Place    | Note
-------+----------+-------------------------------------------
     0 | D:5      | drugrobin the Demigod Delver began the quest for the Orb.
     0 | D:5      | Reached XP level 1. HP: 18/18 MP: 3/3
    61 | D:5      | Noticed a scorpion
   197 | D:5      | Noticed a hound
   230 | D:4      | Reached XP level 2. HP: 25/25 MP: 4/4
   441 | D:3      | Identified the +3 sling of the Key {heavy, Dex+8}
   462 | D:3      | Gained mutation: You do not regenerate when monsters are
                  | visible. [potion of mutation]
   462 | D:3      | Gained mutation: Armour fits poorly on your strangely
                  | shaped body. [potion of mutation]
   462 | D:3      | Gained mutation: Your body sometimes deteriorates upon
                  | taking damage. [potion of mutation]
   462 | D:3      | Gained mutation: You are partially covered in iridescent
                  | scales. (AC +2) [potion of mutation]
   475 | D:3      | Lost mutation: Your body sometimes deteriorates upon taking
                  | damage. [potion of mutation]
   475 | D:3      | Lost mutation: Armour fits poorly on your strangely shaped
                  | body. [potion of mutation]
   475 | D:3      | Gained mutation: You occasionally shout uncontrollably at
                  | your foes. [potion of mutation]
   476 | D:3      | Lost mutation: You do not regenerate when monsters are
                  | visible. [potion of mutation]
   476 | D:3      | Lost mutation: You are partially covered in iridescent
                  | scales. (AC +2) [potion of mutation]
   476 | D:3      | Lost mutation: You occasionally shout uncontrollably at
                  | your foes. [potion of mutation]
   476 | D:3      | Gained mutation: Armour fits poorly on your strangely
                  | shaped body. [potion of mutation]
   476 | D:3      | Gained mutation: You possess an exceptional clarity of
                  | mind. [potion of mutation]
   476 | D:3      | Gained mutation: You do not regenerate when monsters are
                  | visible. [potion of mutation]
   584 | D:4      | Reached XP level 3. HP: 22/30 MP: 5/5
   585 | D:4      | Noticed a black bear
   590 | D:4      | Slain by a black bear

Illustrated notes

Levels and vault maps discovered:
D:2:      layout_rooms, basic_altar
D:3:      kb_forest_paths, layout_basic, fiery_altar_vehumet
D:4:      layout_basic, minmay_temple_entry_poolview, gup_sewer_entry_bowl,
          st_stairs_7
D:5:      lemuel_castle_with_subvaults [lemuel_castle_interior_original],
          layout_basic, cheibrodos_ashenzari_chains, serial_demonic,
          serial_demonic_g, serial_demonic_b, serial_demonic_g,
          serial_demonic_c, hangedman_abyss_or_decor_stagger

Skill      XL: |  1  2 |
---------------+-------+-----
Axes           | 2 3 |  3.3
Fighting       | |  2.6
Dodging        | |  1.7
Stealth        | |  4.5

Action                     || total
---------------------------++-------
  Melee: Hand axe          ||    43
   Fire: Sling             ||     9
  Evoke: Wand              ||     1
    Use: Scroll            ||     1
         Potion            ||     4
   Stab: Sleeping          ||     2
 Armour: Leather armour    ||    12
  Dodge: Dodged            ||    38

Table legend: (Time is in decaauts)
 A = Elapsed time spent in this place.
 B = Non-inter-level travel time spent in this place.
 C = Inter-level travel time spent in this place.
 D = Time resting spent in this place.
 E = Time spent auto-exploring this place.
 F = Levels seen in this place.
 G = Mean time per level.
                   A        B        C        D        E       F      G
               +--------+--------+--------+--------+--------+-----+--------+
         Total |    603 |    603 |      0 |     18 |     47 |   4 |  150.8 |
       Dungeon |    603 |    603 |      0 |     18 |     47 |   4 |  150.8 |
               +--------+--------+--------+--------+--------+-----+--------+

Top non-repeatable levels by time:
     D:5: 227 daAuts
     D:3: 190 daAuts
     D:4: 169 daAuts
     D:2: 15 daAuts
